 Dungeon Crawl Stone Soup version 0.26-a0-30-g56b8cd3df0 (webtiles) character file.

Game seed: 11056526804010730278, levelgen mode: deterministic

15997 tilp the Covert (level 12, -3/60 HPs)
             Began as a Spriggan Enchanter on June 3, 2020.
             Was an Elder of Kikubaaqudgha.
             Killed from afar by a hell hog (11 damage)
             ... with a fireball
             ... in a volcano.
             The game lasted 00:51:24 (17551 turns).

tilp the Covert (Spriggan Enchanter)               Turns: 17551, Time: 00:51:24

Health: -3/60      AC:  6    Str:  4    XL:     12   Next: 6%
Magic:  3/22       EV: 31    Int: 20    God:    Kikubaaqudgha [****..]
Gold:   49         SH:  9    Dex: 26    Spells: 8/23 levels left

rFire    + + .     SeeInvis +   a - +4 dagger (flame)
rCold    . . .     Gourm    .   g - +1 buckler "Kopniuxu" {rElec rC- Dex+2 SInv}
rNeg     . . .     Faith    .   o - +2 robe {MR+}
rPois    .         Spirit   .   X - +2 hat {SInv}
rElec    +         Reflect  .   R - scarf {rC+ rF+}
rCorr    .         Harm     .   (gloves unavailable)
MR       +++..                  (boots unavailable)
Stlth    ++++++....             h - amulet of the acrobat
HPRegen  0.20/turn              s - +6 ring of dexterity
MPRegen  0.18/turn              f - ring of protection from fire

@: invisible, very quick
A: very small, unfitting armour, see invisible, herbivore, speed 3, slow
metabolism 2
a: Receive Corpses, Renounce Religion


You were in a volcano.
You worshipped Kikubaaqudgha.
Kikubaaqudgha was greatly pleased with you.
You were very hungry.

You visited 3 branches of the dungeon, and saw 16 of its levels.
You also visited: Volcano.

You collected 549 gold pieces.
You spent 500 gold pieces at shops.

Inventory:

Hand Weapons
 a - a +4 dagger of flaming (weapon)
 b - the +10 rapier of the Chain {vorpal, +Fly rElec Int+3 Dex-3}
   (You found it on level 7 of the Dungeon)

   It inflicts extra damage upon your enemies.
   It affects your intelligence (+3).
   It affects your dexterity (-3).
   It insulates you from electricity.
   It lets you fly.
 D - a +3 rapier of speed
 E - a +4 scimitar of flaming
 T - a +1 antimagic broad axe
Missiles
 y - 28 poisoned darts (quivered)
 H - 3 boomerangs of dispersal
 J - 2 throwing nets
 K - 7 boomerangs
 V - 3 curare-tipped darts
Armour
 g - the +1 buckler "Kopniuxu" (worn) {rElec rC- Dex+2 SInv}
   (You bought it in a shop on level 9 of the Dungeon)

   It affects your dexterity (+2).
   It makes you vulnerable to cold.
   It insulates you from electricity.
   It lets you see invisible.
 o - a +2 robe of magic resistance (worn)
 R - a scarf of resistance (worn)
 X - a +2 hat of see invisible (worn)
Jewellery
 d - an uncursed ring of ice
 f - a ring of protection from fire (right hand)
 h - an amulet of the acrobat (around neck)
 m - an uncursed amulet of regeneration {unknown}
 s - a +6 ring of dexterity (left hand)
 x - an uncursed ring of positive energy
 G - a cursed amulet of inaccuracy {unknown}
 M - a +6 ring of intelligence {unknown}
Wands
 w - a wand of disintegration (13)
 F - a wand of acid (8)
 N - a wand of flame (14)
 S - a wand of polymorph (4)
Scrolls
 j - 3 scrolls of fog
 l - a scroll of fear
 p - 2 scrolls of enchant weapon
 t - 3 scrolls of enchant armour
 u - 3 scrolls of amnesia
 z - a scroll of remove curse
 L - a scroll of teleportation
Potions
 e - a potion of mutation
 i - 7 potions of degeneration
 k - a potion of brilliance
 q - 2 potions of curing
 r - a potion of lignification
 v - 3 potions of haste
 A - a potion of cancellation
 B - a potion of magic {unknown}
 C - 2 potions of might
 O - a potion of ambrosia {unknown}
 P - 2 potions of stabbing
Comestibles
 c - 30 rations


   Skills:
 + Level 5.9 Fighting
 - Level 10.0 Short Blades
 + Level 11.4 Dodging
 + Level 14.6 Stealth
 * Level 3.9 Shields
 - Level 6.0 Spellcasting
 - Level 10.0 Hexes


You had 8 spell levels left.
You knew the following spells:

 Your Spells              Type           Power        Failure   Level  Hunger
a - Slow                  Hex            #####...     1%          2    None
b - Ensorcelled Hibernat  Hex/Ice        ####..       2%          2    None
c - Confusing Touch       Hex            #####...     1%          3    ##.....
d - Tukima's Dance        Hex            #####...     1%          3    ##.....
e - Dazzling Flash        Conj/Hex       ####..       4%          3    ##.....
f - Blink                 Tloc           N/A          21%         2    None

Your spell library contained the following spells:

 Spells                   Type           Power        Failure   Level  Hunger
 Corona                   Hex            #####..      1%          1    None
 Cause Fear               Hex            #####.....   2%          4    ####...
 Inner Flame              Hex/Fire       ####....     4%          3    ##.....
 Animate Skeleton         Necr           N/A          13%         1    None
 Foxfire                  Conj/Fire      #...         13%         1    None
 Magic Dart               Conj           #...         13%         1    None
 Pain                     Necr           #...         13%         1    None
 Call Imp                 Summ           #.......     21%         2    None
 Sublimation of Blood     Necr           #.........   21%         2    None
 Conjure Flame            Conj/Fire      #.......     36%         3    ##.....
 Mephitic Cloud           Conj/Pois/Air  #.......     36%         3    ##.....
 Vampiric Draining        Necr           #.........   36%         3    ##.....
 Silence                  Hex/Air        ####......   43%         5    #####..
 Yara's Violent Unravell  Hex/Tmut       ####......   43%         5    #####..
 Animate Dead             Necr           N/A          78%         4    ####...
 Dispel Undead            Necr           #.......     78%         4    ####...
 Sticky Flame             Conj/Fire      #.......     78%         4    ####...
 Excruciating Wounds      Chrm/Necr      #.........   98%         5    #####..
 Fireball                 Conj/Fire      #.........   98%         5    #####..
 Death Channel            Necr           #.........   100%        6    #######
 Simulacrum               Ice/Necr       #.........   100%        6    #######
 Discord                  Hex            #####.....   100%        8    #######


Dungeon Overview and Level Annotations

Branches:
Dungeon (11/15)            Temple (1/1) D:7            Lair (4/6) D:8
  Snake (0/4) Lair:4          Orc (0/2) D:10        Volcano (1/1)
  Swamp: Lair:2-4    Shoals: Lair:2-4

Altars:
Ashenzari
Cheibriados
Dithmenos
Elyvilon
Fedhas
Gozag
Hepliaklqana
Kikubaaqudgha
Makhleb
Nemelex Xobeh
Okawaru
Qazlal
Ru
Sif Muna
Trog
Uskayaw
Vehumet
Wu Jian
Xom
Yredelemnul
Zin
The Shining One

Shops:
D:4 *   D:9 [

Annotations:
D:4 2 runed translucent doors, Esekla's ghost, weakling VSWn
D:5 Grinder
D:6 centaur island
D:11 Nergalle; Snorg
Lair:1 exclusion: 2 oklob plants


Innate Abilities, Weirdness & Mutations

You are very small and have problems with some larger weapons.
You are too small for most types of armour.
You have supernaturally acute eyesight. (SInv)
You are a herbivore.
You cover ground extremely quickly.
You need to consume almost no food.


Message History

The fire bat completely misses you.
Unknown command.
Casting: Ensorcelled Hibernation (safe; 2% risk of failure)
Confirm with . or Enter, or press ? or * to list all spells.
Aiming: Ensorcelled Hibernation (safe; 2% risk of failure)
Press: ? - help, Shift-Dir - straight line, f - centaur
Aim: a centaur, quivering 25 arrows (chance to defeat MR: 55%)
The fire bat is unaffected.
The fire bat barely misses you.
The centaur wields a +1 shortbow of flaming.
It bursts into flame!
The centaur shoots an arrow.
The arrow hits you!
* * * LOW HITPOINT WARNING * * *
The arrow burns you.
* * * LOW HITPOINT WARNING * * *
Unknown command.
You fade into invisibility!
The centaur shoots an arrow.
The arrow barely misses you. The hell hog breathes fire at you.
The fireball explodes!
The fireball engulfs you! You resist.
You die...
Kikubaaqudgha rasps: "You have failed me!
Welcome... death!"

≈≈≈≈≈≈.....)°°°°○°°°#≈
≈≈≈≈≈≈≈..####○○☼°°°°°#
≈≈≈≈≈≈≈.##.○##°°°°≈§≈§
≈≈≈≈≈≈..#...°#.°°≈§≈≈#
≈≈≈≈≈...#..[.†.°≈≈≈§≈≈
≈≈≈≈≈≈≈.#....#°≈§≈§≈≈#
≈≈≈≈≈...##..##.§≈≈≈≈≈≈
≈≈≈≈≈≈..c####..≈≈≈≈≈≈#
≈≈≈≈≈.≈bh.@.....≈≈≈§§≈
≈≈≈≈≈≈≈.c####..≈≈≈§≈≈§
≈≈≈≈≈.≈.##$.##..§§≈§§≈
≈≈≈≈≈≈≈)#....#§§§≈≈≈≈§
≈≈≈≈≈≈≈.'hc..#§≈.≈≈≈§≈
≈≈≈≈≈≈≈.#...!#..≈≈≈≈≈≈
≈≈≈≈≈.≈.##..##.§§§≈≈≈≈
≈≈≈≈≈≈≈..####..≈≈≈§§≈≈
≈≈≈≈≈.≈..)^....§.§§≈≈≈


You could see a hell hog (catching breath), a fire bat and 2 centaurs.

Vanquished Creatures
  A hydra (Lair:1)
  Harold (D:8)
  4 two-headed ogres
  Urug (Lair:1)
  A salamander (Volcano)
  A komodo dragon (Lair:1)
  An efreet (D:10)
  2 trolls
  A polar bear (Lair:4)
  Prince Ribbit (Lair:1)
  4 blink frogs (Lair:1)
  2 hippogriffs
  A wyvern (D:10)
  10 yaks
  Eustachio (D:4)
  Grum (D:8)
  A harpy simulacrum (D:10)
  2 hell hounds (Volcano)
  A water moccasin (Lair:3)
  2 orc warriors
  A swamp drake (D:10)
  Duvessa (D:4)
  8 porcupines
  3 sky beasts
  2 ice beasts (D:9)
  2 necrophages
  4 wolves
  4 centaurs
  5 ogres
  8 crocodiles
  Blork the orc (D:4)
  11 bullfrogs
  Dowan (D:4)
  3 scorpions
  A water moccasin skeleton (D:6)
  11 killer bees
  A howler monkey (D:10)
  A centaur zombie (D:11)
  7 crimson imps
  12 hounds
  2 jellies
  A bullfrog zombie (D:9)
  7 orc priests
  5 iguanas
  7 orc wizards
  A bullfrog skeleton (D:10)
  Jessica (D:2)
  2 hell rats (Lair:1)
  4 worker ants
  A hound skeleton (D:10)
  A worker ant zombie (D:11)
  18 adders
  10 river rats (Lair:1)
  2 shadow imps
  2 oozes
  An adder skeleton (D:7)
  An adder zombie (D:5)
  3 worms
  A dart slug (D:4)
  9 leopard geckos
  44 orcs
  11 giant cockroaches
  5 goblins
  12 hobgoblins
  2 jackals (D:7)
  13 kobolds
  4 quokkas
  2 ball pythons (D:3)
  11 bats
  6 frilled lizards
  A jackal zombie (D:6)
  A leopard gecko skeleton (D:7)
  A quokka skeleton (D:5)
  A quokka zombie (D:9)
  9 rats
328 creatures vanquished.

Vanquished Creatures (others)
  A centaur (Volcano)
  An orc (D:10)
  7 fungi (D:8)
  7 plants
16 creatures vanquished.

Grand Total: 344 creatures vanquished

Notes
Turn   | Place    | Note
-------+----------+-------------------------------------------
     0 | D:1      | tilp the Spriggan Enchanter began the quest for the Orb.
     0 | D:1      | Reached XP level 1. HP: 9/9 MP: 5/5
   842 | D:1      | Reached skill level 5 in Stealth
   842 | D:1      | Reached XP level 2. HP: 1/13 MP: 3/6
   849 | D:1      | Learned a level 2 spell: Ensorcelled Hibernation
  2201 | D:2      | Reached XP level 3. HP: 16/16 MP: 8/8
  2338 | D:2      | Reached skill level 6 in Stealth
  2658 | D:2      | Noticed Jessica
  2660 | D:2      | Killed Jessica
  2660 | D:2      | Reached XP level 4. HP: 21/21 MP: 9/9
  3314 | D:2      | Reached skill level 7 in Stealth
  3470 | D:2      | Reached XP level 5. HP: 24/24 MP: 5/10
  5676 | D:4      | Noticed Duvessa
  5677 | D:4      | Noticed Dowan
  5679 | D:4      | Killed Duvessa
  5679 | D:4      | Reached skill level 5 in Short Blades
  5679 | D:4      | Reached skill level 8 in Stealth
  5679 | D:4      | Reached XP level 6. HP: 28/28 MP: 11/11
  5682 | D:4      | Killed Dowan
  5880 | D:4      | Found Ruen Dua's General Store.
  5888 | D:4      | Bought a scroll of identify for 22 gold pieces
  5888 | D:4      | Bought a scroll of remove curse for 33 gold pieces
  5888 | D:4      | Bought a scroll of enchant armour for 82 gold pieces
  5912 | D:4      | Learned a level 3 spell: Confusing Touch
  5916 | D:4      | Learned a level 3 spell: Tukima's Dance
  5920 | D:4      | Learned a level 3 spell: Dazzling Flash
  6013 | D:4      | Noticed Blork the orc
  6164 | D:4      | Reached skill level 5 in Hexes
  6175 | D:4      | Reached XP level 7. HP: 32/32 MP: 10/14
  6222 | D:4      | Found a large runed translucent door.
  6223 | D:4      | Found a large runed translucent door.
  6227 | D:4      | Noticed Esekla's ghost (weakling VSWn)
  6231 | D:4      | Noticed Eustachio
  6233 | D:4      | Killed Eustachio
  6487 | D:4      | Killed Blork the orc
  6551 | D:5      | Entered Level 5 of the Dungeon
  6930 | D:5      | Reached skill level 1 in Fighting
  6930 | D:5      | Reached XP level 8. HP: 27/37 MP: 6/15
  7279 | D:5      | Noticed Grinder
  7651 | D:4      | Learned a level 2 spell: Slow
  7654 | D:4      | Learned a level 2 spell: Blink
  7749 | D:6      | Reached skill level 5 in Dodging
  8250 | D:6      | Found a hide-covered altar of Uskayaw.
  8315 | D:6      | Noticed a +0 hand axe
  8316 | D:6      | Noticed a +0 dagger
  8385 | D:6      | Identified the cursed +0 dagger of Mareepp {flame, *Contam
                  | +Blink +Rage Dex+4}
  8478 | D:6      | Found a sparkling altar of Nemelex Xobeh.
  8823 | D:7      | Found a staircase to the Ecumenical Temple.
  8839 | Temple   | Entered the Ecumenical Temple
  8858 | Temple   | Became a worshipper of Kikubaaqudgha
  8897 | D:7      | Found a burning altar of Makhleb.
  8897 | D:7      | Found a radiant altar of Vehumet.
  9066 | D:7      | Got a masterwork rapier
  9394 | D:7      | Found a stormy altar of Qazlal.
  9440 | D:7      | Found an opulent altar of Gozag.
  9474 | D:8      | Noticed a two-headed ogre
  9487 | D:8      | Killed a two-headed ogre
  9487 | D:8      | Reached skill level 10 in Stealth
  9487 | D:8      | Reached XP level 9. HP: 44/44 MP: 10/16
  9623 | D:8      | Noticed Harold
  9965 | D:8      | Reached skill level 11 in Stealth
 10216 | D:8      | Reached * piety under Kikubaaqudgha
 10216 | D:8      | Identified Kikubaaqudgha's Papyrus of Evil Arts
                  | (Kikubaaqudgha gifted it to you on level 8 of the Dungeon)
 10216 | D:8      | Received a gift from Kikubaaqudgha
 10408 | D:8      | Noticed Grum
 10564 | D:8      | Reached skill level 12 in Stealth
 10665 | D:8      | Found a bloodstained altar of Trog.
 10750 | D:8      | Killed Harold
 10750 | D:8      | Reached XP level 10. HP: 49/49 MP: 12/18
 10910 | D:8      | Found a shimmering blue altar of Sif Muna.
 10917 | D:8      | Found a white marble altar of Elyvilon.
 10936 | D:8      | Found a staircase to the Lair.
 11214 | D:8      | Reached skill level 5 in Spellcasting
 11295 | D:8      | Killed Grum
 12082 | D:9      | Reached ** piety under Kikubaaqudgha
 12133 | D:9      | Noticed a two-headed ogre
 12162 | D:9      | Killed a two-headed ogre
 12162 | D:9      | Reached skill level 13 in Stealth
 12204 | D:9      | Found Nossauj's Antique Armour Emporium.
 12634 | D:9      | Found a shimmering altar of Xom.
 12706 | D:9      | Identified the +10 rapier of the Chain {vorpal, +Fly rElec
                  | Int+3 Dex-3} (You found it on level 7 of the Dungeon)
 12769 | D:10     | Entered Level 10 of the Dungeon
 13378 | D:9      | Bought a polished buckler for 209 gold pieces
 13771 | D:10     | Identified the +1 buckler "Kopniuxu" {rElec rC- Dex+2 SInv}
                  | (You bought it in a shop on level 9 of the Dungeon)
 13821 | D:10     | Reached XP level 11. HP: 54/54 MP: 15/21
 14221 | D:10     | Reached *** piety under Kikubaaqudgha
 14221 | D:10     | Identified Kikubaaqudgha's Guide on Sinister Secrets
                  | (Kikubaaqudgha gifted it to you on level 10 of the Dungeon)
 14221 | D:10     | Received a gift from Kikubaaqudgha
 14417 | D:10     | Reached skill level 10 in Dodging
 14787 | D:10     | Found a staircase to the Orcish Mines.
 15104 | D:11     | Noticed Snorg
 15180 | D:11     | Noticed Nergalle
 15527 | Lair:1   | Entered Level 1 of the Lair of Beasts
 15527 | Lair:1   | Noticed Urug
 15542 | Lair:1   | Killed Urug
 15542 | Lair:1   | Reached skill level 5 in Fighting
 15655 | Lair:1   | Noticed an oklob plant
 15675 | Lair:1   | Noticed a seven-headed hydra
 15699 | Lair:1   | Killed a seven-headed hydra
 15699 | Lair:1   | Reached skill level 1 in Shields
 15749 | Lair:1   | Reached skill level 10 in Hexes
 16198 | Lair:1   | Reached **** piety under Kikubaaqudgha
 16219 | Lair:1   | Reached skill level 14 in Stealth
 16501 | Lair:1   | Noticed Prince Ribbit
 16507 | Lair:1   | Killed Prince Ribbit
 16528 | Lair:1   | Reached skill level 10 in Short Blades
 16772 | Lair:1   | Noticed an oklob plant
 17126 | D:9      | Bought an embroidered hat for 154 gold pieces
 17196 | Lair:2   | You fall into a shaft and drop 2 floors!
 17374 | Lair:4   | Found a dark tunnel.
 17379 | Volcano  | Entered a volcano
 17414 | Volcano  | Noticed a two-headed ogre
 17439 | Volcano  | Killed a two-headed ogre
 17534 | Volcano  | Noticed a two-headed ogre
 17535 | Volcano  | Noticed a hell hog
 17542 | Volcano  | Killed a two-headed ogre
 17542 | Volcano  | Reached XP level 12. HP: 21/60 MP: 6/22
 17551 | Volcano  | Killed from afar by a hell hog

Illustrated notes

Levels and vault maps discovered:
D:1:      minmay_arrival_open_corners, layout_basic
D:2:      minmay_razor_zed, layout_basic, dk_noncrumbling_4,
          chequers_serial_rivers_micro_a, minmay_fractal_squares_5, uniq_jessica
D:3:      wad_crossroads, layout_loops_ring
D:4:      layout_gridville, serial_shops, shop_statue,
          ebering_ghost_disaster_area, supply_closet_lemuel, uniq_blork_the_orc,
          uniq_duvessa, uniq_eustachio
D:5:      layout_gridville, first_ration, minmay_misc_feat_diagonals,
          uniq_grinder
D:6:      layout_loops_cross, dancing_weapons_uskayaw,
          nemelex_xobeh_ov_fountains_minmay, centaur_isle
D:7:      layout_basic, grunt_temple_overflow_lords_of_destruction,
          amethyst_overflow_temple_binary, minmay_temple_entry_waves
D:8:      layout_basic, bloody_trog, minitemple, minmay_lair_entry_grove,
          uniq_harold, uniq_grum, uniq_maggie
D:9:      layout_loops_ring, kennysheep_mini_moat, serial_shops,
          nicolae_shop_trees
D:10:     layout_basic, erik_orc_1
D:11:     layout_cave_pools, uniq_nergalle, uniq_snorg
Temple:   nicolae_temple_no_exploring_needed
Lair:1:   dpeg_oklob_gauntlet, layout_gridlike, kennysheep_rathole,
          minmay_lair_oklob_chamber, grunt_megastairs_1, lemuel_fruit_fields,
          lemuel_fruit_tree, uniq_urug, uniq_prince_ribbit2
Lair:2:   layout_cave_pods, serial_bayou_lagoon_b
Lair:3:   layout_misc_corridors, elwin_shoals_entry_stream,
          portal_ice_cave_entry_ice_beasts, serial_bayou_shore_a,
          grunt_megastairs_2
Lair:4:   beast_lair_carwin_large_2, layout_regular_city,
          guppyfry_snake_entry_island, nicolae_volcano_entry_s_turn,
          serial_bayou_lake_a, serial_bayou_shore_b
Volcano:  volcano_village

Skill      XL: |  1  2  3  4  5  6  7  8  9 10 11 |
---------------+----------------------------------+-----
Stealth        | 5 6 7 8 10 12 13 14 | 14.6
Short Blades   | 2 3 5 6 8 9 10 | 10.0
Spellcasting   | 3 4 6 |  6.0
Hexes          | 5 8 9 10 | 10.0
Fighting       | 1 3 4 5 |  5.9
Dodging        | 8 9 11 | 11.4
Shields        | 3 |  3.9

Action                   |  1- 3 |  4- 6 |  7- 9 | 10-12 || total
-------------------------+-------+-------+-------+-------++-------
Melee: Dagger            |    80 |   145 |   184 |   208 ||   617
       Rapier            |       |       |       |    47 ||    47
Throw: Dart              |       |       |       |     5 ||     5
 Cast: Corona            |    11 |       |       |       ||    11
       Ensorcelled Hiber |    24 |    53 |    75 |   179 ||   331
       Slow              |       |       |     1 |       ||     1
       Confusing Touch   |       |       |     1 |    11 ||    12
Evoke: Wand              |       |       |     2 |       ||     2
  Use: Scroll            |     2 |     7 |     9 |    10 ||    28
       Potion            |       |       |     3 |     1 ||     4
 Stab: Sleeping          |    26 |    53 |    61 |   111 ||   251
       Confused          |       |       |       |    11 ||    11
  Eat: Ration            |       |     5 |     2 |     3 ||    10
Armor: Robe              |     6 |    11 |     8 |     5 ||    30
Dodge: Dodged            |    42 |    92 |   139 |   163 ||   436
Block: Buckler           |       |       |       |    19 ||    19

Table legend:
 A = Non-vault XP
 B = Vault XP
 C = Vault XP percentage of total XP
 D = Non-vault monster count
 E = Vault monster count
 F = Vault count percentage of total count
                 A         B        C        D         E       F
            +---------+---------+-------+---------+---------+-------
      Total |   12104 |   10750 |  47.0 |     237 |      92 |  28.0
            +---------+---------+-------+---------+---------+-------
        D:1 |      38 |       0 |   0.0 |      19 |       0 |   0.0
        D:2 |      97 |     124 |  56.1 |      24 |      19 |  44.2
        D:3 |      76 |       9 |  10.6 |      25 |       4 |  13.8
        D:4 |     383 |     512 |  57.2 |      11 |       4 |  26.7
        D:5 |     249 |       0 |   0.0 |      11 |       0 |   0.0
        D:6 |     583 |       0 |   0.0 |      18 |       0 |   0.0
        D:7 |     589 |     164 |  21.8 |      20 |       2 |   9.1
        D:8 |    1501 |    3368 |  69.2 |      20 |      18 |  47.4
        D:9 |    2665 |       0 |   0.0 |      25 |       0 |   0.0
       D:10 |    1971 |     487 |  19.8 |      38 |      16 |  29.6
       D:11 |     781 |       0 |   0.0 |       7 |       0 |   0.0
     Lair:1 |    2064 |    3890 |  65.3 |      12 |      22 |  64.7
     Lair:3 |     544 |     147 |  21.3 |       5 |       1 |  16.7
     Lair:4 |     563 |       0 |   0.0 |       2 |       0 |   0.0
    Volcano |       0 |    2049 | 100.0 |       0 |       6 | 100.0
            +---------+---------+-------+---------+---------+-------
